AoeStats
← Ghosty4406

African Clearing

510280395Analyzed
4v4 RM · 1d ago on Sep 30, 2026· 27m 42s· 8 players
Game mode
Random Map
Map size
Large (8 player)
Population
200
Speed
Normal
Resources
Standard
Victory
Conquest
Starting age
Dark Age
Ending age
Imperial Age
RankedLock teamsTeams togetherTeam positionsShared explorationLock speedFull tech treeHidden civsTurbo modeCheats
Victory
Defeat
🇹🇷 Huns · Türkiye
1231
+13
🇩🇪 Magyars · Germany
1226
+13
🇹🇷 Varangians · Türkiye
1204
+14
1186
+16
🇨🇳 Franks · China
1197
-15
🇦🇷 Armenians · Argentina
1173
-14
🇮🇳 Portuguese · India
1169
-14
🇨🇳 Maya · China
1140
-13
Ricardo Corazon de León
10:46 Loom
14:04 Feudal Age
14:39 Double-Bit Axe
19:28 Castle Age
19:14 Scale Barding Armor
19:19 Forging
19:15 Fishing Lines
20:49 Bow Saw
23:38 Gillnets
24:50 Chain Barding Armor
25:01 Bloodlines
26:14 Iron Casting
ansaro
13:18 Feudal Age
14:19 Double-Bit Axe
15:21 Horse Collar
18:11 Bloodlines
19:06 Scale Barding Armor
23:26 Wheelbarrow
29:53 Castle Age
yenese
Rin
16:08 Feudal Age
21:10 Castle Age
20:03 Gold Mining
21:00 Forging
20:42 Horse Collar
22:06 Husbandry
22:17 Bloodlines
22:16 Scale Barding Armor
22:51 Gold Shaft Mining
23:44 Heavy Plow
27:52 Double-Bit Axe
elnegro_coty
逗你玩
diudiudiu丶
3:43 Loom
14:05 Feudal Age
18:27 Castle Age
16:44 Double-Bit Axe
18:49 Scale Barding Armor
20:48 Forging
21:03 Fishing Lines
21:31 Gambesons
27:15 Wheelbarrow
Ghosty4406
Connection lost

Rejoining the realm…

Still unreachable

The connection could not be restored.

Session expired

The server has moved on; the page needs a fresh start.